 Dungeon Crawl Stone Soup version 0.26.1-2-gb8aa6d0cf2 (console) character file.

Game seed: 17364418364143724992

137 om the Covered (level 5, -4/49 HPs)
             Began as a Gargoyle Fighter on Feb 19, 2021.
             Was an Initiate of Gozag.
             Killed from afar by an orc wizard (6 damage)
             ... with a puff of flame
             ... on level 3 of the Dungeon.
             The game lasted 00:06:19 (2792 turns).

om the Covered (Gargoyle Fighter)                   Turns: 2792, Time: 00:06:20

Health: -4/49      AC: 22    Str: 19    XL:     5   Next: 20%
Magic:  5/5        EV:  2    Int:  9    God:    Gozag
Gold:   357        SH:  9    Dex: 10    Spells: 4/4 levels left

rFire    . . .     SeeInvis .   r - +0 flail (drain)
rCold    . . .     Faith    .   c - +0 kite shield
rNeg     + + +     Spirit   .   (armour currently unavailable)
rPois    ∞         Reflect  .   (helmet currently unavailable)
rElec    .         Harm     .   (cloak currently unavailable)
rCorr    .         Rampage  .   (gloves currently unavailable)
Will     .....     NoTele   +   (boots currently unavailable)
Stlth    +.........             (no amulet)
HPRegen  0.16/turn              (no ring)
MPRegen  0.09/turn              (no ring)

@: tree-form, attractive
A: negative energy resistance 1, petrification resistance, miasma immunity, AC
+4
a: Renounce Religion, Potion Petition, Call Merchant, Bribe Branch


You were on level 3 of the Dungeon.
You worshipped Gozag.
Gozag was aware of your devotion.
You were a tree.
You visited 1 branch of the dungeon, and saw 4 of its levels.

You collected 392 gold pieces.
You paid 35 gold pieces to Gozag.

Inventory:

Hand Weapons
 a - a +0 flail
 r - a +0 flail of draining (weapon)
Armour
 b - a +0 scale mail (melded)
 c - a +0 kite shield (worn)
Scrolls
 f - 2 scrolls of teleportation {unknown}
 g - a scroll of identify {unknown}
 i - a scroll of random uselessness {unknown}
 j - 2 scrolls of fear {unknown}
 m - 5 scrolls of remove curse {unknown}
 o - a scroll of noise {unknown}
 t - a scroll of amnesia {unknown}
Potions
 d - a potion of might
 e - a potion of curing {unknown}
 h - 3 potions of attraction
 k - a potion of cancellation {unknown}
 l - a potion of invisibility {unknown}
 n - a potion of lignification
 p - a potion of brilliance {unknown}
 q - a potion of ambrosia {unknown}
 s - a potion of berserk rage {unknown}


   Skills:
 + Level 3.8 Fighting
 * Level 3.4 Maces & Flails
 + Level 3.9 Armour
 + Level 1.3 Dodging
 + Level 3.9 Shields


You had 4 spell levels left.
You didn't know any spells.
Your spell library was empty.

Dungeon Overview and Level Annotations

Branches:
Dungeon (4/15)
 Temple: D:4-7

Altars:
Cheibriados
Dithmenos
Fedhas
Gozag
Kikubaaqudgha
Okawaru

Shops:
D:2 *


Innate Abilities, Weirdness & Mutations

You are resistant to torment.
((Your stone body is resilient. (AC +4)))
You are immune to poison.
You resist negative energy. (rN+)
((You are resistant to electric shocks. (rElec)))
((You can survive without breathing.))
You are immune to petrification.
You are immune to miasma.


Message History

Something is pulled toward you!
A magic dart appears from out of thin air!
The magic dart hits you.
* * * LOW HITPOINT WARNING * * *
Something is pulled toward you!
Okay, then.
It was a potion of lignification.
You turn into a tree.
Your +0 scale mail melds into your body.
Your roots penetrate the ground.
You hear some strange, mumbled words.
Something tries to affect you, but you resist.
Okay, then.
You miss something.
Something hits you but does no damage. x2
You hit something. Something hits you but does no damage.
You hit something but do no damage.
You hear some strange, mumbled words.
A puff of flame appears from out of thin air!
The puff of flame hits you.
You die...
Your body crumbles into a pile of gold.

.##.........##.........####.####.
.########..###W.#.#.#..# #......
..## #..###.........####.#####
≈≈.# #.......#.#.#..#.........
≈≈≈# ##.##.........##.##.#####
.≈≈# #.##..#......>.....# ## ≈≈≈#
#.##..####...####### #. ≈≈##
#.##..####.#.#### #. _##
#...............## ##. ##
####...{###.#.#..# #.. #
##.#♣###......## #.. #
##..#.##..#.#...## #.#
#.....##.........###..
#.#.#(#...........####
#....)#.####.....#####
######.#.#...# ##...###... #
#(.....(.....# ##.## #.##
#######.........#.## #.# #.#
.....##..#.....###.### #.# #.#
####.##..#...........## #.# #.# #
#.##..#..#######...# #.## #.#


There were no monsters in sight!

Vanquished Creatures
  7 adders
  An ooze (D:2)
  2 worms
  3 dart slugs
  2 orcs (D:3)
  A giant cockroach (D:2)
  3 goblins
  7 hobgoblins
  6 jackals
  4 kobolds
  2 quokkas (D:2)
  5 ball pythons (D:2)
  6 bats
  4 frilled lizards
  8 rats
61 creatures vanquished.

Vanquished Creatures (others)
  6 plants (D:2)
  A withered plant (D:2)
7 creatures vanquished.

Grand Total: 68 creatures vanquished

Notes
Turn   | Place    | Note
-------+----------+-------------------------------------------
     0 | D:1      | om the Gargoyle Fighter began the quest for the Orb.
     0 | D:1      | Reached XP level 1. HP: 14/14 MP: 1/1
   200 | D:1      | Reached XP level 2. HP: 13/19 MP: 2/2
   878 | D:1      | Reached XP level 3. HP: 23/23 MP: 3/3
  1211 | D:2      | Found Gozag's Platinum Reserve.
  1217 | D:2      | Found an opulent altar of Gozag.
  1236 | D:2      | Reached skill level 1 in Dodging
  1243 | D:2      | Became a worshipper of Gozag Ym Sagoz the Greedy
  1296 | D:2      | Reached XP level 4. HP: 28/28 MP: 4/4
  1447 | D:2      | Found a blossoming altar of Fedhas.
  1448 | D:2      | Found an ancient bone altar of Kikubaaqudgha.
  1893 | D:2      | Reached XP level 5. HP: 31/33 MP: 5/5
  2260 | D:3      | Found a shadowy altar of Dithmenos.
  2618 | D:3      | Found a snail-covered altar of Cheibriados.
  2729 | D:4      | Found an iron altar of Okawaru.
  2748 | D:4      | Noticed a phantom
  2788 | D:3      | HP: 1/33 [something/magic dart (3)]
  2792 | D:3      | Killed from afar by an orc wizard

Illustrated notes

Levels and vault maps discovered:
D:1:      saegor_arrival_simple_c, layout_basic, grunt_decor_junction
D:2:      layout_loops_corners, grunt_temple_overflow_growth_and_decay,
          nicolae_gozag_zags_fifth_avenue, skrybe_limestone_x,
          minmay_snake_closets
D:3:      layout_loops_ring, grunt_dithmenos_smoke, kennysheep_slug_shrine,
          serial_glass, glass_columns_a, glass_columns_a, glass_columns_b,
          glass_columns_a, glass_columns_a, glass_columns_a, glass_columns_b,
          glass_columns_a, glass_columns_b, glass_columns_a, glass_columns_a,
          glass_columns_b, glass_columns_a, glass_columns_b,
          due_unseen_surprise, minmay_strange_pillars, feat_on_display,
          feat_on_display, minmay_misc_feat_room
D:4:      layout_basic, lightli_temple_of_fire, okawaru_trees_2, serial_shops,
          shop

Skill      XL: |  1  2  3  4 |
---------------+-------------+-----
Dodging        | 1 |  1.3
Maces & Flails | 3 |  3.4
Fighting       | |  3.8
Armour         | |  3.9
Shields        | |  3.9

Action                   |  1- 3 |  4- 6 || total
-------------------------+-------+-------++-------
Melee: Flail             |   103 |   119 ||   222
  Use: Potion            |       |     2 ||     2
Armor: Scale mail        |    56 |    78 ||   134
       Skin              |       |     3 ||     3
Dodge: Dodged            |    38 |    32 ||    70
Block: Kite shield       |    51 |    66 ||   117
